AoeStats
← nicopizzini92

Arena

509100841Analyzed
2v2 RM · 6d ago on Sep 25, 2026· 45m 47s· 4 players
Game mode
Random Map
Map size
Medium (4 player)
Population
200
Speed
Normal
Resources
Standard
Victory
Conquest
Starting age
Dark Age
Ending age
Imperial Age
RankedLock teamsTeams togetherTeam positionsShared explorationLock speedFull tech treeHidden civsTurbo modeCheats
Victory
Defeat
🇨🇳 Goths · China
1100
+14
🇺🇸 Italians · United States
1099
+14
🇦🇷 Teutons · Argentina
1098
-16
🇦🇷 Britons · Argentina
1007
-12
nicopizzini92
13:11 Feudal Age
14:53 Double-Bit Axe
17:12 Castle Age
16:26 Loom
16:37 Fletching
19:33 Crossbowman
33:52 Forging
37:09 Bodkin Arrow
42:07 Wheelbarrow
ferrossi405
4:47 Loom
11:12 Feudal Age
15:29 Castle Age
13:23 Double-Bit Axe
13:41 Horse Collar
23:08 Scale Mail Armor
23:09 Gambesons
23:26 Squires
25:12 Forging
28:19 Iron Casting
28:00 Chain Mail Armor
28:49 Fortified Wall
30:07 Fletching
30:54 Bodkin Arrow
34:38 Imperial Age
34:30 Town Watch
35:21 Wheelbarrow
35:55 Conscription
36:03 Elite Skirmisher
38:37 Elite Teutonic Knight
40:04 Pikeman
41:48 Blast Furnace
41:18 Plate Mail Armor
40:49 Padded Archer Armor
42:02 Halberdier
43:32 Leather Archer Armor
Lucci
10:39 Feudal Age
12:01 Double-Bit Axe
14:40 Castle Age
12:35 Horse Collar
13:50 Fletching
16:00 Bow Saw
17:33 Loom
20:51 Loom
21:25 Gold Mining
21:26 Stone Mining
22:54 Bodkin Arrow
25:35 Wheelbarrow
25:28 Town Watch
26:11 Padded Archer Armor
28:00 Stone Mining
31:02 Imperial Age
31:11 Imperial Age
28:30 Town Watch
28:51 Heavy Plow
31:59 Hand Cart
31:53 Bracer
32:47 Leather Archer Armor
34:21 Ring Archer Armor
35:50 Chemistry
35:10 Ballistics
34:57 Scale Barding Armor
35:02 Forging
35:04 Bloodlines
34:14 Light Cavalry
35:35 Thumb Ring
35:35 Husbandry
37:20 Hand Cart
38:08 Two-Man Saw
39:25 Chain Barding Armor
39:40 Iron Casting
41:07 Hussar
43:50 Blast Furnace
45:16 Plate Barding Armor
45:20 Pirotechnia
45:31 Conscription
mapusaurus roseae
11:23 Feudal Age
15:39 Castle Age
13:29 Double-Bit Axe
13:31 Horse Collar
17:22 Bow Saw
21:16 Scale Mail Armor
22:37 Forging
22:45 Chain Mail Armor
23:24 Heavy Plow
24:43 Forging
27:39 Wheelbarrow
28:32 Gold Mining
29:50 Iron Casting
30:07 Hand Cart
30:12 Town Watch
34:05 Imperial Age
32:36 Anarchy
33:05 Loom
33:23 Town Patrol
33:35 Man-at-Arms
34:18 Squires
36:01 Conscription
35:37 Stone Mining
36:54 Two-Man Saw
37:04 Blast Furnace
35:46 Long Swordsman
36:22 Two-Handed Swordsman
38:50 Champion
40:37 Chemistry
39:49 Masonry
39:51 Perfusion
42:56 Crop Rotation
43:33 Elite Huskarl
Connection lost

Rejoining the realm…

Still unreachable

The connection could not be restored.

Session expired

The server has moved on; the page needs a fresh start.